 Dungeon Crawl Stone Soup version 0.22-a0-282-gdd34a7d (webtiles) character file.

619 vishdafish the Chopper (level 7, 0/54 HPs)
             Began as a Formicid Skald on Mar 18, 2018.
             Succumbed to a water moccasin's poison
             ... on level 5 of the Dungeon.
             The game lasted 00:10:05 (5192 turns).

vishdafish the Chopper (Formicid Skald)             Turns: 5192, Time: 00:10:08

Health: 0/54       AC:  5    Str: 16    XL:     7   Next: 74%
Magic:  12/12      EV: 13    Int: 14    God:
Gold:   138        SH:  0    Dex: 12    Spells: 12/13 levels left

rFire    + . .     SeeInvis +   h - +0 war axe
rCold    . . .     Gourm    .   (no shield)
rNeg     . . .     Faith    .   b - +0 leather armour
rPois    .         Spirit   .   (helmet unavailable)
rElec    .         Reflect  .   (no cloak)
rCorr    .         Harm     .   (no gloves)
MR       .....                  c - +1 pair of boots
Stlth    +.........             (no amulet)
HPRegen  0.18/turn              (no ring)
MPRegen  0.13/turn              (no ring)

@: lethally poisoned (0 -> -17), flying
A: permanent stasis, dig shafts and tunnels, four strong arms, antennae 3, agile
1, fire resistance 1, evolution 1
a: Dig, Shaft Self


You were on level 5 of the Dungeon.
You were very hungry.

You visited 1 branch of the dungeon, and saw 6 of its levels.

You collected 138 gold pieces.

Inventory:

Hand Weapons
 a - a +0 hand axe
 h - a +0 war axe (weapon)
Missiles
 n - 21 bolts
Armour
 b - a +0 leather armour (worn)
 c - a +1 pair of boots (worn)
Wands
 f - a wand of clouds (2)
 p - a wand of paralysis (7)
Scrolls
 e - a scroll of random uselessness {unknown}
 g - 4 scrolls of teleportation
 i - a scroll of enchant weapon {unknown}
 j - a scroll of amnesia
 k - 3 scrolls of remove curse {unknown}
 m - a scroll of fear
 q - a scroll of magic mapping {unknown}
Comestibles
 d - 5 rations


   Skills:
 + Level 4.0 Fighting
 * Level 4.8 Axes
 + Level 3.4 Armour
 + Level 3.3 Dodging
 * Level 3.7 Spellcasting
 - Level 3.0 Charms


You had 12 spell levels left.
You knew the following spells:

 Your Spells              Type           Power        Failure   Level  Hunger
a - Infusion              Chrm           ##..         7%          1    None


Dungeon Overview and Level Annotations

Branches:
Dungeon (6/15)
 Temple: D:4-7

Altars:
Elyvilon
Fedhas
Gozag
Okawaru
Ru
Vehumet

Annotations:
D:4 Dowan, Duvessa
D:5 2 runed doors


Innate Abilities, Weirdness & Mutations

You cannot be hasted, slowed, berserked, paralysed or teleported.
You can dig through walls and to a lower floor.
Your four strong arms can wield two-handed weapons with a shield.
You have a pair of large antennae on your head. (SInv)
You are agile. (Dex +2)
Your flesh is heat resistant. (rF+)
You evolve.


Message History

You retract your mandibles.
You feel sick.
* * * LOW HITPOINT WARNING * * *
You feel very sick.
* * * LOW HITPOINT WARNING * * *
You feel sick.
The worker ant zombie waves its antennae.
* * * LOW HITPOINT WARNING * * *
You feel sick.
* * * LOW HITPOINT WARNING * * *
You feel sick.
* * * LOW HITPOINT WARNING * * *
You feel sick.
There is an escape hatch in the ceiling here.
* * * LOW HITPOINT WARNING * * *
You feel sick. The leopard gecko barely misses you. The ice beast misses you.
The leopard gecko bites you.
* * * LOW HITPOINT WARNING * * *
A mysterious force pulls you upwards. The hatch slams shut behind you.
Level annotation: 2 runed doors You die...

### #.#
#####.###############
.>..................
#...................
#.##.###.###########
#........# #..l#.####
#..@#.# ##########
#..Y#.# #.........
#...#.# #.........
#...#.# #.........
####...#.# #.........
#......#.# #.........
#........# ###.........
#...##.#####{..........
#...##.# ##{##.........


You could see an ice beast and a leopard gecko.

Vanquished Creatures
  A centaur (D:5)
  A bullfrog (D:5)
  A howler monkey (D:4)
  A crimson imp (D:5)
  An orc priest (D:4)
  An orc wizard (D:4)
  An iguana (D:5)
  3 adders
  4 gnolls (D:3)
  A shadow imp (D:5)
  5 worms
  A dart slug (D:2)
  2 leopard geckos (D:5)
  11 orcs
  4 bats
  2 giant cockroaches
  8 goblins
  8 hobgoblins
  4 frilled lizards
  A jackal skeleton (D:5)
  A jackal zombie (D:5)
  6 kobolds
  4 rats
72 creatures vanquished.

Vanquished Creatures (collateral kills)
  2 soldier ants (D:5)
  A worker ant (D:5)
3 creatures vanquished.

Vanquished Creatures (others)
  A soldier ant (D:5)
1 creature vanquished.

Grand Total: 76 creatures vanquished

Notes
Turn   | Place    | Note
-------+----------+-------------------------------------------
     0 | D:1      | vishdafish the Formicid Skald began the quest for the Orb.
     0 | D:1      | Reached XP level 1. HP: 16/16 MP: 3/3
   327 | D:1      | Reached XP level 2. HP: 22/23 MP: 5/5
   353 | D:1      | You fall through a shaft!
   987 | D:1      | Reached XP level 3. HP: 26/28 MP: 6/6
  2314 | D:2      | Reached XP level 4. HP: 34/34 MP: 7/7
  2691 | D:3      | Found a blossoming altar of Fedhas.
  2741 | D:3      | Found a white marble altar of Elyvilon.
  2743 | D:3      | Found an iron altar of Okawaru.
  2744 | D:3      | Found an opulent altar of Gozag.
  2747 | D:3      | Found a radiant altar of Vehumet.
  2750 | D:3      | Found a sacrificial altar of Ru.
  2770 | D:3      | Reached XP level 5. HP: 22/41 MP: 8/8
  3792 | D:4      | Reached XP level 6. HP: 9/47 MP: 9/9
  4334 | D:4      | Noticed Duvessa
  4334 | D:4      | Noticed Dowan
  4358 | D:5      | Entered Level 5 of the Dungeon
  4616 | D:5      | Reached XP level 7. HP: 9/53 MP: 11/11
  4974 | D:5      | Found the +9 staff of Olgreb {rPois}
  4977 | D:5      | Found a runed door.
  4985 | D:5      | Noticed a soldier ant
  4985 | D:5      | Noticed a water moccasin
  4985 | D:5      | Noticed a water moccasin
  4985 | D:5      | Noticed a water moccasin
  4986 | D:5      | Noticed a water moccasin
  4986 | D:5      | Found a runed gate.
  4986 | D:5      | Noticed a water moccasin
  4987 | D:5      | Found a runed door.
  5000 | D:5      | Found a runed gate.
  5000 | D:5      | Found a runed gate.
  5003 | D:5      | Noticed a soldier ant
  5003 | D:5      | Noticed a soldier ant
  5003 | D:5      | Noticed a soldier ant
  5003 | D:5      | Noticed a soldier ant
  5003 | D:5      | Noticed a soldier ant
  5003 | D:5      | Noticed a soldier ant
  5163 | D:5      | Killed a soldier ant
  5168 | D:5      | Killed a soldier ant
  5175 | D:5      | Killed a soldier ant
  5182 | D:5      | You fall through a shaft!
  5184 | D:6      | Gained mutation: Your flesh is heat resistant. (rF+) [potion of mutation]
  5184 | D:6      | Gained mutation: You evolve. [potion of mutation]
  5184 | D:6      | Gained mutation: You are agile. (Dex +2) [potion of mutation]
  5191 | D:6      | HP: 2/54 [leopard gecko (5)]
  5192 | D:5      | Succumbed to a water moccasin's poison

Vault maps used:
D:1:      dpeg_arrival_tiny_c
D:2:      first_ration
D:3:      fedhas_altar_4, grunt_temple_overflow_open, minmay_fountain_box
D:4:      uniq_duvessa
D:5:      lemuel_ice_spiral_2, minmay_temple_entry_hall,
          minmay_guarded_unrand_staff_of_olgreb
D:6:      lemuel_coloured_pillars_altar, nicolae_ossuary_entry_plus, tgw_trog,
          uniq_prince_ribbit1

Skill      XL: |  1  2  3  4  5  6  7 |
---------------+----------------------+-----
Dodging        | 2 3 |  3.3
Axes           | 3 4 |  4.8
Armour         | 2 3 |  3.4
Fighting       | 3 4 |  4.0
Spellcasting   | 3 |  3.7
Charms         | |  3.0

Action                   |  1- 3 |  4- 6 |  7- 9 || total
-------------------------+-------+-------+-------++-------
Melee: Hand axe          |   131 |    96 |       ||   227
       War axe           |       |    58 |    33 ||    91
 Cast: Infusion          |       |     4 |       ||     4
 Abil: Dig               |       |     8 |     2 ||    10
       Shaft Self        |       |       |     1 ||     1
Evoke: Wand              |       |     1 |     4 ||     5
  Use: Scroll            |     1 |     6 |       ||     7
       Potion            |       |     6 |     2 ||     8
 Stab: Invisible         |       |     2 |       ||     2
  Eat: Chunk             |     4 |     4 |     2 ||    10
       Ration            |       |     2 |       ||     2
Armor: Leather armour    |    32 |    40 |     9 ||    81
Dodge: Dodged            |    82 |   114 |    23 ||   219

Table legend:
 A = Spawn XP
 B = Non-spawn XP
 C = Spawn XP percentage of total XP
 D = Spawn monster count
 E = Non-spawn monster count
 F = Spawn count percentage of total count
 G = Total turns spent on level
                    A         B        C        D         E        F      G
               +---------+---------+-------+---------+---------+-------+---------
         Total |       0 |     885 |   0.0 |       0 |      76 |   0.0 |  5192
               +---------+---------+-------+---------+---------+-------+---------
           D:1 |       0 |      25 |   0.0 |       0 |      16 |   0.0 |  1061
           D:2 |       0 |      44 |   0.0 |       0 |      16 |   0.0 |  1330
           D:3 |       0 |      84 |   0.0 |       0 |      16 |   0.0 |  1174
           D:4 |       0 |     187 |   0.0 |       0 |      11 |   0.0 |   793
           D:5 |       0 |     545 |   0.0 |       0 |      17 |   0.0 |   824
               +---------+---------+-------+---------+---------+-------+---------
